 Dungeon Crawl Stone Soup version 0.19-a0-1193-g2641e52 (webtiles) character file.

2575 truemonolith the Martial Artist (level 9, -1/93 HPs)
             Began as a Yellow Draconian Monk on Aug 19, 2016.
             Was a Believer of Cheibriados.
             Slain by an orc
             ... wielding a +0 trident
              (2 damage)
             ... on level 7 of the Dungeon.
             The game lasted 00:18:06 (7016 turns).

truemonolith the Martial Artist (DrMo)              Turns: 7016, Time: 00:18:07

Health: -1/93      AC: 10    Str: 18    XL:     9   Next: 32%
Magic:  9/9        EV: 14    Int: 15    God:    Cheibriados [**....]
Gold:   433        SH:  0    Dex: 23    Spells: 0 memorised, 8 levels left

rFire  . . .     SeeInvis +       - Unarmed
rCold  . . .     Gourm    .     (armour unavailable)
rNeg   . . .     Faith    .     (no shield)
rPois  .         Spirit   .     (helmet restricted)
rElec  .         Dismiss  .     (no cloak)
rCorr  +         Reflect  .     e - +2 pair of gloves {archery}
MR     .....     Harm     .     (no boots)
Stlth  ++........               (no amulet)
                                (no ring)
                                h - ring of see invisible

@: about to teleport, very slow
A: spit acid, acid resistance, unfitting armour, robust 1, cold-blooded, AC +7
a: Spit Acid, Bend Time, Renounce Religion


You were on level 7 of the Dungeon.
You worshipped Cheibriados.
Cheibriados was pleased with you.
You were not hungry.

You visited 2 branches of the dungeon, and saw 8 of its levels.

You collected 433 gold pieces.

Inventory:

Armour
 e - a +2 pair of gloves of archery (worn)
Jewellery
 h - a ring of see invisible (left hand)
 u - an uncursed ring of ice
 C - a cursed ring of loudness {unknown}
Wands
 o - a wand of confusion (39/48)
Scrolls
 c - 7 scrolls of remove curse
 f - 2 scrolls of noise
 g - a scroll of teleportation
 l - 6 scrolls of identify
 n - a scroll of recharging
 x - 2 scrolls of enchant weapon
Potions
 j - 2 potions of cure mutation {unknown}
 p - a potion of agility
 s - 2 potions of flight {unknown}
 t - a potion of lignification {unknown}
 z - 2 potions of degeneration {unknown}
 A - a potion of brilliance {unknown}
 B - a potion of might {unknown}
Books
 q - a book of Cantrips

   Spells                             Type                      Level
   a - Confusing Touch                Hexes                        1
   b - Animate Skeleton               Necromancy                   1
   c - Summon Small Mammal            Summoning                    1
   d - Apportation                    Translocation                1
 y - a book of Air

   Spells                             Type                      Level
   a - Shock                          Conjuration/Air              1
   b - Swiftness                      Charms/Air                   2
   c - Repel Missiles                 Charms/Air                   2
   d - Static Discharge               Conjuration/Air              3
   e - Lightning Bolt                 Conjuration/Air              5
Comestibles
 a - 5 bread rations
 b - 4 fruits
 d - 2 slices of pizza
 i - 2 beef jerkies
 r - a royal jelly
 v - 2 meat rations


   Skills:
 * Level 9.7 Fighting
 - Level 2.6 Dodging
 - Level 1.7 Stealth
 - Level 10.1 Unarmed Combat


You had 8 spell levels left.
You didn't know any spells.

Dungeon Overview and Level Annotations

Branches:
Dungeon (7/15)             Temple (1/1) D:7

Altars:
Ashenzari
Cheibriados
Dithmenos
Fedhas
Gozag
Hepliaklqana
Kikubaaqudgha
Okawaru
Qazlal
Ru
Trog
Uskayaw
Yredelemnul
The Shining One


Innate Abilities, Weirdness & Mutations

You can spit globs of acid.
You are resistant to acid.
Your golden yellow scales are hard. (AC +7)
Your body does not fit into most forms of armour.
You are cold-blooded and may be slowed by cold attacks.
You are robust. (+10% HP)


Message History

* * * LOW HITPOINT WARNING * * *
The orc wizard hits you but does no damage.
Items here: ( )) [ † an uncursed quarterstaff; an uncursed hunting sling; 14 sling bullets a leather armour; the human corpse of Joseph Evoke which item? (* to show all) (? for menu, Esc to quit)
Okay, then.
Evoke which item? (* to show all) (? for menu, Esc to quit)
Okay, then.
Okay, then.
You feel better. The orc hits you but does no damage.
The orc barely misses you.
As you read the scroll of teleportation, it crumbles to dust.
You feel strangely unstable.
The orc wizard looks braver for a moment.
The orc warrior hits you but does no damage.
The orc hits you with a flail!
* * * LOW HITPOINT WARNING * * *
The orc hits you with a trident.
You die...

######.# #.............
#...)..#########.########
#.####........ #.# #
#.####### #.#
#.####(......#.#.#
........(.......#'#
.........(...##....
..........o..''....
..........o@.##...
..........oo.#
.............#
.............#
............#
...........# ........%.#
.........#


You could see an orc warrior, an orc wizard and 2 orcs.

Vanquished Creatures
  Joseph (D:7)
  A hungry ghost (D:6)
  Edmund (D:4)
  Menkaure (D:6)
  2 orc warriors
  2 phantoms
  2 ogres
  2 centaurs
  3 scorpions
  The ghost of Duffy the Chopper, a weakling MiGl (D:4)
  A howler monkey (D:5)
  2 crimson imps
  2 jellies (D:6)
  A giant frog zombie (D:5)
  2 giant frog skeletons
  4 orc priests
  A centaur skeleton (D:5)
  2 hounds (D:6)
  Natasha (thrice) (D:4)
  5 orc wizards
  5 worker ants
  10 adders
  4 shadow imps
  An ooze (D:2)
  An adder skeleton (D:4)
  A worm (D:3)
  A dart slug (D:2)
  8 giant geckos
  19 orcs
  3 bats (D:1)
  8 giant cockroaches
  6 goblins
  5 hobgoblins
  10 jackals
  7 kobolds
  7 quokkas
  2 ball pythons
  A giant gecko zombie (D:5)
  3 giant newts
  9 rats
150 creatures vanquished.

Notes
Turn   | Place    | Note
-------+----------+-------------------------------------------
     0 | D:1      | truemonolith the Draconian Monk began the quest for the Orb.
     0 | D:1      | Reached XP level 1. HP: 19/19 MP: 1/1
    71 | D:1      | Reached XP level 2. HP: 26/26 MP: 2/2
   468 | D:1      | Reached skill level 4 in Unarmed Combat
   630 | D:2      | Reached XP level 3. HP: 23/31 MP: 3/3
  1268 | D:2      | Found a sacrificial altar of Ru.
  1293 | D:2      | Reached skill level 5 in Unarmed Combat
  1293 | D:2      | Reached XP level 4. HP: 38/38 MP: 4/4
  1560 | D:3      | Found a hide-covered altar of Uskayaw.
  1792 | D:3      | Found an ancient bone altar of Kikubaaqudgha.
  1796 | D:3      | Found an opulent altar of Gozag.
  2232 | D:3      | Reached XP level 5. HP: 45/45 MP: 5/5
  2394 | D:3      | Reached skill level 6 in Unarmed Combat
  2718 | D:4      | Noticed Duffy's ghost (weakling MiGl)
  2734 | D:4      | Killed Duffy's ghost
  2764 | D:4      | Noticed Edmund
  2934 | D:4      | Killed Edmund
  2934 | D:4      | Reached skill level 7 in Unarmed Combat
  2934 | D:4      | Reached XP level 6. HP: 33/51 MP: 6/6
  3062 | D:4      | Found a glowing drain.
  3181 | D:4      | Noticed Natasha
  3195 | D:4      | Killed Natasha
  3250 | D:4      | Noticed Natasha
  3259 | D:4      | Killed Natasha
  3327 | D:4      | Found an iron altar of Okawaru.
  3398 | D:4      | Reached skill level 8 in Unarmed Combat
  3398 | D:4      | Your scales start taking on a golden yellow colour.
  3398 | D:4      | Reached XP level 7. HP: 49/57 MP: 7/7
  3550 | D:4      | Noticed Natasha
  3559 | D:4      | Killed Natasha
  3652 | D:5      | Entered Level 5 of the Dungeon
  4020 | D:5      | Reached skill level 9 in Unarmed Combat
  4175 | D:5      | Found a stormy altar of Qazlal.
  5097 | D:5      | Reached XP level 8. HP: 55/63 MP: 8/8
  5146 | D:6      | Reached skill level 10 in Unarmed Combat
  5524 | D:6      | Found a basalt altar of Yredelemnul.
  5604 | D:6      | Reached skill level 5 in Fighting
  5610 | D:6      | Noticed Menkaure
  5619 | D:6      | Killed Menkaure
  6280 | D:6      | Found a shadowy altar of Dithmenos.
  6346 | D:6      | Gained mutation: You are robust. (+10% HP) [potion of beneficial mutation]
  6429 | D:7      | Found a staircase to the Ecumenical Temple.
  6440 | Temple   | Entered the Ecumenical Temple
  6466 | Temple   | Became a worshipper of Cheibriados the Contemplative
  6466 | Temple   | Reached * piety under Cheibriados
  6466 | Temple   | Reached ** piety under Cheibriados
  6611 | D:7      | Reached XP level 9. HP: 81/89 MP: 9/9
  6992 | D:7      | Noticed Joseph
  7013 | D:7      | Killed Joseph
  7014 | D:7      | HP: 2/93 [orc/trident (5)]
  7016 | D:7      | Slain by an orc

Vault maps used:
D:1:      mrwooster_arrival_statue_2, solitary_fountain
D:2:      nicolae_ru_sacrificial_ziggurat, hangedman_decor_push
D:3:      eat_drink_and_be_merry_uskayaw, grunt_temple_overflow_open
D:4:      kennysheep_okawaru_gauntlet, portal_sewer_entry_f, first_bread,
          uniq_natasha, uniq_edmund
D:5:      grunt_qazlal_clouds
D:6:      basic_altar, lemuel_statue_altar, uniq_menkaure
D:7:      uniq_joseph
Temple:   regret_index_temple_sphere_string

Skill      XL: |  1  2  3  4  5  6  7  8  9 |
---------------+----------------------------+-----
Unarmed Combat | 4 5 7 8 9 10 | 10.1
Fighting       | 8 9 |  9.7
Dodging        | |  2.6
Stealth        | |  1.7

Action                   |  1- 3 |  4- 6 |  7- 9 || total
-------------------------+-------+-------+-------++-------
Melee: Unarmed           |   121 |   223 |   290 ||   634
       Tailslap          |    14 |    27 |    49 ||    90
       Punch             |     1 |     7 |    12 ||    20
  Use: Scroll            |     8 |     2 |     6 ||    16
       Potion            |       |     2 |     7 ||     9
 Stab: Sleeping          |     5 |     4 |     5 ||    14
  Eat: Chunk             |     1 |       |     1 ||     2
       Bread ration      |       |     2 |     2 ||     4
       Fruit             |       |       |     1 ||     1
       Meat ration       |       |       |     1 ||     1
Armor: Skin              |    37 |    71 |    80 ||   188
Dodge: Dodged            |    91 |   126 |   177 ||   394
